 Dungeon Crawl Stone Soup version 0.30-b1-5-g8e6c1be481 (webtiles) character file.

Game seed: 17015442355018313910

105 safid the Chiller (level 4, -4/33 HPs)
             Began as a Merfolk Ice Elementalist on May 4, 2023.
             Slain by Sigmund
             ... wielding a +0 scythe
              (9 damage)
             ... on level 2 of the Dungeon.
             The game lasted 00:03:28 (1765 turns).

safid the Chiller (Merfolk Ice Elementalist)        Turns: 1765, Time: 00:03:29

Health: -4/33      AC:  3    Str:  4    XL:     4   Next: 81%
Magic:  8/8        EV: 17    Int: 16    God:
Gold:   113        SH:  0    Dex: 14    Spells: 1/8 levels left

rFire   . . .        d - +0 mace
rCold   . . .        (no shield)
rNeg    . . .        a - +0 robe
rPois   .            (no helmet)
rElec   .            (no cloak)
rCorr   .            c - +0 pair of gloves
SInv    .            (no boots)
Will    .....        h - amulet of regeneration
Stlth   ++           k - +5 ring of evasion
HPRegen 1.05/turn    (no ring)
MPRegen 0.11/turn

%: no passive effects
@: no status effects
A: (nimble swimmer 2), mertail, weak 2
a: no special abilities


You were on level 2 of the Dungeon.
You visited 1 branch of the dungeon, and saw 2 of its levels.

You collected 113 gold pieces.

Inventory:

Hand Weapons
 d - a +0 mace (weapon)
Armour
 a - a +0 robe (worn)
 c - a +0 pair of gloves (worn)
Jewellery
 h - an amulet of regeneration (around neck)
 k - a +5 ring of evasion (left hand)
Scrolls
 f - a scroll of acquirement {unknown}
 g - 2 scrolls of identify {unknown}
 i - a scroll of magic mapping {unknown}
 l - a scroll of amnesia {unknown}
Potions
 b - a potion of magic
 j - a potion of curing {unknown}


   Skills:
 * Level 2.0 Fighting
 + Level 0.8 Maces & Flails
 - Level 2.6 Dodging
 - Level 2.1 Stealth
 + Level 2.8 Spellcasting
 + Level 5.3 Ice Magic


You had one spell level left.
You knew the following spells:

 Your Spells              Type           Power      Damage    Failure   Level
a - Freeze                Ice            76%        1d8       1%          1
b - Frozen Ramparts       Ice            38%        1d6       6%          3
c - Ozocubu's Armour      Ice            19%        N/A       6%          3

Your spell library contained the following spells:

 Spells                   Type           Power      Damage    Failure   Level
 Cigotuvi's Dreadful Rot  Necr/Pois/Air  4%         N/A       28%         2
 Dazzling Flash           Conj/Hex       4%         N/A       50%         3
 Ignite Poison            Fire/Tmut/Pois 2%         N/A       50%         3
 Volatile Blastmotes      Fire/Tloc      4%         2d10      50%         3
 Summon Ice Beast         Ice/Summ       10%        N/A       54%         4
 Iskenderun's Mystic Bla  Conj/Tloc      2%         2d3       88%         4
 Freezing Cloud           Conj/Ice/Air   4%         6-21      94%         5
 Starburst                Conj/Fire      1%         6d3       100%        6


Dungeon Overview and Level Annotations

Branches:
Dungeon (2/15)

Altars:
Ashenzari

Annotations:
D:2 Natasha, Sigmund


Innate Abilities, Weirdness & Mutations

((You are very nimble when in or above water. (Stealth+, EV+, Speed+++)))
Your lower body shifts to a powerful aquatic tail in water.
You are very weak. (Str -4)


Message History

The giant cockroach bites you but does no damage.
The wall freezes something.
The wall freezes the giant cockroach.
You kill the giant cockroach!
The wall freezes something.
Something barely misses you.
The frozen ramparts melt away.
Something hits you but does no damage.
You feel less confused. Something barely misses you.
Casting: Ozocubu's Armour (dangerous; 6% risk of failure)
Confirm with . or Enter, or press ? or * to list all spells.
Casting: Frozen Ramparts (dangerous; 6% risk of failure)
Press: ? - help, Dir - look around, f - activate You miscast Frozen Ramparts.
You are very lightly contaminated with residual magic.
Nothing appears to happen.
Something barely misses you. Something closely misses you.
Something barely misses you.
Your icy armour will break if you move.
Continue?
Your icy armour cracks and falls away as you move.
Something hits you.
You see here a giant cockroach corpse.
You miss something. Something hits you!
Your magical contamination has completely faded away.
You barely miss something.
Natasha hisses angrily.
Something hits you!
Natasha casts a spell.
You hit something. Something closely misses you.
You miss something.
The cerulean imp hits you from afar with a +1 spear.
Something hits you!
* * * LOW HITPOINT WARNING * * *
The cerulean imp misses you.
Unknown command.
It was a potion of mutation.
You feel extremely strange.
You feel weaker. x2
Natasha closely misses you.
The cerulean imp hits you from afar with a +1 spear.
* * * LOW HITPOINT WARNING * * *
Magic courses through your body. Something hits you!
You die...

.............#.### #
..........>....####### .#
.....................##
.#
.............#######...
#.# .#
.............รท........#
..# .#
........(....##########
.# .# .......(..<.#######
# .# #. ..#{h5....[....##
# .###...
#@##########..####
####.#...# ##.####
##....# .......#
##.....### ###.###
###..###
#..###...#####...# #.##
#######.## ###.#.....###
#.####...>...# #...#####
#.#....####### #..##
#...#### ####..###
###..############.......#


You could see Natasha and a cerulean imp (summoned).

Vanquished Creatures
  Natasha (twice) (D:2)
  2 adders (D:2)
  A worm (D:2)
  A dart slug (D:1)
  4 endoplasms
  3 giant cockroaches
  A goblin (D:2)
  2 hobgoblins (D:1)
  4 jackals (D:1)
  2 quokkas (D:1)
  2 ball pythons
  2 bats (D:1)
  3 frilled lizards
  3 rats (D:1)
32 creatures vanquished.

Notes
Turn   | Place    | Note
-------+----------+-------------------------------------------
     0 | D:1      | safid the Merfolk Ice Elementalist began the quest for the
                  | Orb.
     0 | D:1      | Reached XP level 1. HP: 13/13 MP: 3/3
   195 | D:1      | Reached XP level 2. HP: 20/20 MP: 5/5
   278 | D:1      | Reached skill level 1 in Fighting
   909 | D:1      | Reached XP level 3. HP: 26/26 MP: 4/6
  1063 | D:1      | Learned a level 3 spell: Frozen Ramparts
  1107 | D:2      | Reached skill level 5 in Ice Magic
  1285 | D:2      | Noticed Natasha
  1363 | D:2      | Killed Natasha
  1364 | D:2      | Reached XP level 4. HP: 17/33 MP: 2/7
  1395 | D:2      | Noticed Natasha
  1406 | D:2      | Killed Natasha
  1564 | D:2      | Found a broken altar of Ashenzari.
  1568 | D:2      | Noticed Sigmund
  1627 | D:2      | Noticed Natasha
  1726 | D:2      | Learned a level 3 spell: Ozocubu's Armour
  1764 | D:2      | Gained mutation: You are weak. (Str -2) [potion of
                  | mutation]
  1764 | D:2      | Gained mutation: You are very weak. (Str -4) [potion of
                  | mutation]
  1765 | D:2      | Slain by Sigmund

Illustrated notes

Levels and vault maps discovered:
D:1:      scummos_arrival_checkerplants, layout_loops_corners
D:2:      layout_rooms, basic_altar, nicolae_ecumenical_lake_church,
          uniq_sigmund, uniq_natasha

Skill      XL: |  1  2  3  4 |
---------------+-------------+-----
Fighting       | 1 2 |  2.0
Ice Magic      | 5 |  5.3
Maces & Flails | |  0.8
Dodging        | |  2.6
Stealth        | |  2.1
Spellcasting   | |  2.8

Action                     |  1- 3 |  4- 6 || total
---------------------------+-------+-------++-------
  Melee: Mace              |    35 |     8 ||    43
   Cast: Freeze            |    37 |     3 ||    40
         Frozen Ramparts   |       |     2 ||     2
         Ozocubu's Armour  |       |     1 ||     1
    Use: Potion            |       |     2 ||     2
   Stab: Sleeping          |     5 |       ||     5
 Armour: Robe              |    17 |     2 ||    19
  Dodge: Dodged            |    43 |    14 ||    57
